Map: Capullo de rosa EE

Players

TATORREA

  • Race: Protoss Protoss
  • League: Silver
  • Spawn Location: 11:00

MrFercho

  • Race: Zerg Zerg
  • League: Silver
  • Spawn Location: 11:00

tigro

  • Race: Terran Terran
  • League: Bronze
  • Spawn Location: 11:00

JOSELLO - Winner!

  • Race: Terran Terran
  • League: Gold
  • Spawn Location: 5:00

Kikex - Winner!

  • Race: Protoss Protoss
  • Spawn Location: 5:00

Mario - Winner!

  • Race: Terran Terran
  • League: Gold
  • Spawn Location: 5:00

VOD

Have the link to the VOD?

Description

Time

  • Played on: May 18, 2020, 8:36 p.m.
  • Length: 11:37
Show
View Real Time Build Order
Export as new Build Order

TATORREA Protoss 

Build Orders:  

Get SALT Encoding   

  12  0:03  Probe  
  13  0:19  Probe  
  14  0:28  Pylon  
  14  0:31  Probe  
  15  0:46  Probe  
  16  1:00  Probe  
  16  1:03  Gateway  
  17  1:05  Gateway  
  17  1:06  Assimilator  
  17  1:12  Probe  
  18  1:30  Probe  
  20  1:47  Probe  
  20  1:52  Zealot  
  22  2:12  Pylon  
  22  2:19  Probe  
  22  2:21  Nexus  
  23  2:30  Zealot  
  23  2:31  Probe  
  23  2:32  Assimilator  
  26  2:51  Cybernetics Core  
  26  2:53  Forge  
  26  3:01  Probe  
  26  3:04  Pylon  
  27  3:12  Zealot x2  
  31  3:22  Probe  
  32  3:35  Probe  
  32  3:39  Pylon  
  32  3:40  Probe  
  34  3:43  Pylon  
  34  3:47  Stalker, Pylon  
  36  3:50  Stalker  
  36  3:53  Warp Gate (Chrono Boost), Pylon, Protoss Ground Weapons Level 1  
  38  3:58  Probe x2  
  40  4:10  Probe x2  
  42  4:23  Twilight Council, Probe x2  
  44  4:35  Probe x2  
  46  4:45  Stargate  
  46  4:47  Robotics Facility, Probe  
  46  4:50  Assimilator  
  47  4:55  Probe  
  47  4:56  Assimilator  
  48  5:00  Probe  
  49  5:07  Probe  
  49  5:09  Stalker x2  
  54  5:18  Probe  
  54  5:19  Probe  
  56  5:30  Probe  
  56  5:31  Probe  
  58  5:42  Probe  
  59  5:43  Probe  
  60  5:54  Immortal  
  60  5:56  Void Ray  
  68  6:01  Stalker  
  68  6:02  Protoss Air Weapons Level 1, Stalker  
  72  6:11  Robotics Bay  
  72  6:16  Probe  
  73  6:33  Nexus  
  73  6:42  Stalker x2  
  77  6:48  Immortal  
  77  6:49  Void Ray  
  57  7:20  Stalker x2  
  57  7:27  Colossus  
  63  7:32  Extended Thermal Lance, Void Ray  
  67  7:46  Stalker x2  
  69  8:12  Stalker x2  
  55  8:21  Immortal  
  48  9:01  Observer  
  49  9:18  Observer  
  44  9:51  Void Ray  
  48  9:53  Colossus  
  46  10:22  Gateway x2  
Show
View Real Time Build Order
Export as new Build Order

MrFercho Zerg 

Build Orders: Pool First, Muta Ling Bane 

Get SALT Encoding   

  12  0:02  Drone  
  13  0:16  Overlord  
  13  0:18  Drone  
  14  0:22  Extractor  
  13  0:31  Drone  
  13  0:35  Drone  
  15  0:38  Drone  
  15  0:39  Extractor  
  15  0:49  Drone  
  16  0:59  Spawning Pool  
  16  1:01  Drone  
  16  1:12  Drone  
  17  1:32  Drone  
  17  1:37  Drone  
  19  1:51  Zergling x2  
  20  2:00  Metabolic Boost  
  20  2:11  Zergling x4  
  22  3:00  Hatchery  
  21  3:06  Overlord  
  21  3:07  Overlord  
  21  3:09  Queen, Hatchery  
  22  3:44  Spine Crawler  
  21  3:51  Zergling x6  
  24  4:01  Roach Warren  
  23  4:07  Drone  
  24  4:14  Drone x2  
  26  4:23  Drone x3  
  29  4:37  Baneling Nest  
  28  4:38  Lair  
  28  4:46  Drone  
  28  4:47  Drone x4  
  33  4:55  Drone x2  
  35  5:11  Evolution Chamber  
  34  5:18  Roach x4  
  42  5:33  Drone x3  
  45  5:53  Zerg Ground Armor Level 1  
  45  5:55  Centrifical Hooks  
  45  6:04  Queen  
  45  6:06  Overlord  
  45  6:08  Drone  
  45  6:09  Drone  
  49  6:23  Zergling x2  
  49  6:25  Zergling x10  
  54  6:52  Spire  
  29  7:28  Roach x6  
  40  7:40  Overseer  
  40  7:56  Ravager  
  41  8:06  Mutalisk  
  41  8:09  Overlord x2  
  42  8:43  Mutalisk  
  42  8:44  Mutalisk x5  
  30  10:20  Zergling x2  
  33  10:21  Zergling x10  
  19  11:07  Zergling x2  
  19  11:08  Zergling x10  
  23  11:19  Spore Crawler x2  
  23  11:22  Spore Crawler  
Show
View Real Time Build Order
Export as new Build Order

tigro Terran 

Build Orders:  

Get SALT Encoding   

  12  0:03  SCV  
  13  0:15  SCV  
  14  0:27  SCV  
  15  0:32  Supply Depot  
  15  0:45  Refinery  
  15  0:53  SCV  
  16  1:01  Barracks  
  16  1:05  SCV  
  17  1:15  Refinery  
  17  1:17  SCV  
  18  1:28  Supply Depot  
  18  1:30  SCV  
  19  1:42  SCV  
  20  1:50  Marine  
  20  1:54  SCV  
  22  2:06  SCV  
  23  2:08  Marine  
  24  2:18  SCV  
  25  2:25  Barracks  
  25  2:26  Marine  
  26  2:30  SCV  
  27  2:42  SCV  
  28  2:44  Marine  
  29  2:54  Engineering Bay  
  29  3:02  Marine  
  30  3:13  Command Center  
  30  3:15  Orbital Command  
  30  3:19  Barracks Tech Lab  
  30  3:29  Missile Turret  
  30  3:44  Barracks Tech Lab  
  30  3:50  Missile Turret  
  30  4:06  Marauder, Combat Shield  
  30  4:09  Stimpack  
  32  4:13  Missile Turret  
  32  4:14  Marine  
  33  4:32  Marine  
  33  4:33  Orbital Command  
  34  4:46  Factory  
  34  4:50  Marine  
  35  5:07  Missile Turret  
  35  5:08  Marine  
  36  5:23  Terran Infantry Weapons Level 1  
  36  5:25  Concussive Shells  
  36  5:26  Marine  
  37  5:29  Missile Turret  
  37  5:35  SCV  
  38  5:46  Marauder  
  38  5:47  SCV  
  38  5:49  Marauder  
  43  5:51  Factory Tech Lab  
  43  5:58  Missile Turret  
  43  5:59  SCV  
  43  6:02  Armory  
  44  6:11  SCV  
  44  6:13  Refinery  
  44  6:17  Refinery  
  45  6:19  Siege Tank  
  45  6:23  SCV  
  49  6:31  Missile Turret  
  49  6:36  SCV  
  50  6:48  SCV  
  50  6:51  Starport, Siege Tank  
  54  6:59  Missile Turret  
  38  7:17  Terran Infantry Armor Level 1  
  38  7:30  Starport  
  35  7:41  Marine  
  35  7:43  Marine  
  37  7:47  Medivac  
  39  7:59  Marine  
  39  8:01  Marine  
  41  8:16  Marine  
  41  8:19  Marine  
  41  8:34  Marine  
  41  8:37  Marine  
  42  8:52  Marine  
  42  8:55  Marine  
  43  9:00  Starport Tech Lab  
  43  9:02  Starport Tech Lab  
  43  9:10  Marine  
  43  9:12  Marine  
  43  9:14  Thor  
  51  9:20  Missile Turret  
  51  9:28  Marine  
  51  9:30  Marine  
  45  9:58  Banshee  
  48  10:00  Medivac  
  48  10:04  Marine  
  48  10:06  Marine  
  48  10:22  Marine  
  48  10:24  Marine  
  44  10:30  Banshee  
  46  10:39  Marine  
  46  10:41  Marine  
  42  10:57  Marine  
  42  10:59  Marine  
  44  11:15  Marine  
  44  11:17  Marine  
Show
View Real Time Build Order
Export as new Build Order

JOSELLO Terran - Winner!

Build Orders: 2 Factory 

Get SALT Encoding   

  12  0:01  SCV  
  13  0:13  SCV  
  14  0:21  Supply Depot  
  14  0:25  SCV  
  15  0:43  SCV  
  15  0:48  Barracks  
  16  0:51  Refinery  
  16  0:55  SCV  
  17  1:07  SCV  
  18  1:15  Supply Depot  
  18  1:19  SCV  
  19  1:31  SCV  
  20  1:37  Marine  
  20  1:38  Supply Depot  
  21  1:43  SCV  
  21  1:44  Refinery  
  22  2:01  Factory  
  22  2:04  Supply Depot  
  22  2:09  SCV  
  23  2:21  SCV  
  24  2:49  Factory  
  24  2:53  Marine  
  24  2:56  Factory Tech Lab  
  25  3:00  Barracks  
  25  3:11  Marine  
  26  3:18  Siege Tank  
  29  3:33  Orbital Command  
  29  3:35  Factory Tech Lab  
  29  3:39  Barracks Reactor  
  29  3:49  Engineering Bay  
  29  3:56  Barracks  
  29  3:59  Barracks Tech Lab  
  29  4:15  Siege Tank  
  32  4:21  Marine x2  
  32  4:22  Marine  
  32  4:23  Missile Turret  
  35  4:24  Combat Shield  
  35  4:28  Siege Tank  
  38  4:39  Marine x3  
  41  4:46  Barracks Reactor  
  41  4:57  Marine x3  
  44  5:03  Missile Turret  
  44  5:17  Marine x3  
  47  5:32  Supply Depot  
  47  5:34  Marine x2  
  47  5:35  Marine x2  
  51  5:44  Marine  
  52  5:52  Marine x2  
  52  5:53  Marine x2  
  56  6:02  Supply Depot  
  56  6:15  Starport, Terran Infantry Weapons Level 1  
  44  7:14  Marine x4  
  45  7:16  Siege Tank  
  45  7:17  Siege Tank  
  45  7:20  Starport Reactor  
  51  7:41  Command Center  
  46  8:09  Marine x4  
  46  8:10  Marine  
  41  8:27  Marine x5  
  41  8:29  Medivac x2  
  48  8:45  Marine x5  
  48  8:54  SCV  
  49  9:02  Marine  
  49  9:03  Marine x3  
  49  9:06  SCV  
  54  9:18  SCV  
  55  9:30  SCV  
  56  9:43  SCV  
  54  10:05  Marine x3  
  54  10:06  Marine x2  
  54  10:08  Siege Tank  
  54  10:09  Siege Tank  
  59  10:23  Marine x3  
  56  10:56  Marine x2  
  56  10:57  Marine x3  
  44  11:00  Medivac x2  
  44  11:03  Siege Tank x2  
  57  11:07  SCV  
  58  11:14  Marine x4  
  58  11:15  Marine  
  63  11:19  SCV  
Show
View Real Time Build Order
Export as new Build Order

Kikex Protoss - Winner!

Build Orders: Dark Templar Rush 

Get SALT Encoding   

  12  0:01  Probe  
  13  0:14  Probe  
  14  0:21  Pylon  
  14  0:27  Assimilator  
  14  0:29  Probe  
  15  0:41  Probe (Chrono Boost)  
  16  0:46  Gateway  
  16  0:53  Probe (Chrono Boost)  
  17  1:02  Probe (Chrono Boost)  
  18  1:07  Pylon  
  18  1:10  Probe  
  19  1:18  Assimilator  
  19  1:35  Cybernetics Core  
  19  2:01  Gateway  
  19  2:03  Probe (Chrono Boost)  
  20  2:13  Probe (Chrono Boost)  
  21  2:18  Probe (Chrono Boost)  
  22  2:26  Twilight Council  
  22  2:46  Nexus  
  22  2:50  Nexus  
  22  2:56  Pylon  
  22  3:13  Dark Shrine  
  22  3:15  Forge  
  22  3:19  Pylon  
  22  3:23  Probe  
  23  3:37  Assimilator  
  23  3:43  Pylon  
  23  3:50  Pylon  
  23  3:54  Pylon  
  23  4:01  Pylon  
  23  4:07  Probe  
  24  4:12  Photon Cannon  
  24  4:19  Photon Cannon, Probe (Chrono Boost)  
  24  4:23  Warp Gate  
  25  4:29  Gateway, Probe (Chrono Boost)  
  26  4:34  Probe (Chrono Boost)  
  26  4:37  Pylon  
  27  4:46  Probe (Chrono Boost)  
  28  4:56  Probe (Chrono Boost)  
  28  4:59  Robotics Facility  
  29  5:00  Probe (Chrono Boost)  
  29  5:06  Gateway  
  30  5:12  Probe (Chrono Boost)  
  32  5:21  Pylon  
  32  5:22  Probe (Chrono Boost)  
  32  5:25  Photon Cannon  
  32  5:27  Probe (Chrono Boost)  
  32  5:32  Photon Cannon  
  33  5:38  Probe  
  34  5:50  Probe  
  34  5:52  Observer  
  36  6:00  Charge  
  36  6:03  Shadow Stride, Probe (Chrono Boost)  
  37  6:15  Probe (Chrono Boost)  
  37  6:18  Dark Templar x2  
  40  6:19  Dark Templar  
  40  6:20  Dark Templar  
  40  6:21  Probe (Chrono Boost)  
  47  6:30  Photon Cannon  
  47  6:34  Photon Cannon  
  47  6:42  Assimilator  
  47  6:52  Photon Cannon  
  45  7:41  Blink  
  45  7:51  Dark Templar  
  45  7:52  Dark Templar x3  
  41  9:53  Dark Templar  
  41  9:54  Dark Templar x3  
  41  9:58  Observer  
  50  10:19  Warp Prism  
Show
View Real Time Build Order
Export as new Build Order

Mario Terran - Winner!

Build Orders:  

Get SALT Encoding   

  12  0:01  SCV  
  13  0:13  SCV  
  14  0:20  Supply Depot  
  14  0:25  SCV  
  15  0:41  SCV  
  16  0:43  Supply Depot  
  16  0:45  Refinery  
  16  0:53  SCV  
  17  1:05  SCV  
  17  1:06  Barracks  
  18  1:18  SCV  
  19  1:24  Barracks  
  19  1:30  SCV  
  20  1:42  SCV  
  21  1:54  SCV, Refinery  
  22  2:03  Factory  
  22  2:06  Marine, SCV  
  24  2:22  Engineering Bay  
  24  2:24  Marine  
  24  2:37  Barracks Tech Lab  
  24  2:42  Marine  
  25  2:45  SCV  
  26  2:57  SCV  
  27  2:59  Marine  
  28  3:06  Marine  
  28  3:11  Starport  
  29  3:15  Armory  
  29  3:17  Terran Infantry Weapons Level 1  
  29  3:28  Marine x2  
  31  3:39  Orbital Command  
  31  3:48  Command Center  
  31  4:04  Supply Depot  
  31  4:17  Refinery  
  31  4:20  Starport Tech Lab  
  31  4:21  Fusion Core  
  31  4:26  Siege Tank, SCV  
  35  4:36  Terran Vehicle Weapons Level 1  
  35  4:38  SCV  
  36  4:39  Marine  
  37  4:48  Supply Depot  
  37  4:55  SCV  
  38  5:03  SCV  
  39  5:07  SCV  
  40  5:15  SCV  
  40  5:17  Marine  
  40  5:18  Marine  
  40  5:21  SCV  
  44  5:25  Supply Depot  
  44  5:27  SCV  
  45  5:35  Marine  
  45  5:37  SCV, Refinery  
  45  5:39  SCV  
  48  5:49  SCV  
  49  5:51  Siege Tank  
  49  5:52  SCV  
  49  5:54  Marine x2  
  55  6:00  Terran Infantry Armor Level 1  
  55  6:01  SCV  
  56  6:13  SCV  
  56  6:16  Marine x2  
  59  6:26  SCV  
  59  6:30  Supply Depot  
  60  6:34  Marine  
  60  6:38  SCV  
  62  6:43  Battlecruiser  
  68  6:50  SCV  
  69  6:55  Supply Depot  
  69  7:02  SCV  
  70  7:20  Marine x2  
  71  7:37  Marine  
  71  7:38  Marine  
  73  8:10  Marine x2  
  73  8:12  Battlecruiser  
  81  8:16  Siege Tank  
  84  8:28  Marine x2  
  86  8:39  Starport  
  86  8:43  Starport  
  86  8:48  Terran Vehicle And Ship Armor Level 1  
  86  8:57  Supply Depot  
  86  9:13  Siege Tank  
  86  9:14  Marine  
  86  9:18  Marine, Battlecruiser, SCV  
  86  9:20  Supply Depot  
  94  9:24  Starport Tech Lab  
  94  9:41  Marine x2, SCV  
  94  9:42  Supply Depot, Starport Tech Lab  
  97  9:45  Siege Tank  
  100  9:59  Marine x2  
  102  10:01  Command Center  
  102  10:04  SCV  
  102  10:05  Supply Depot  
  103  10:16  SCV  
  103  10:17  Marine x2  
  106  10:22  Missile Turret x2  
  106  10:24  Missile Turret  
  106  10:25  Missile Turret  
  106  10:27  Supply Depot, Battlecruiser  
  112  10:34  Marine x2  
  114  10:43  Missile Turret  
  114  10:44  Missile Turret x2  
  126  11:12  Marine x2  
Tags
 
Add a new tag
Caveats
  • Supply blocks, unpowered buildings, or Contaminate may cause inaccurate times.
  • Supply counts are checked every 10 seconds.